 Dungeon Crawl Stone Soup version 0.31-a0-971-g75a2e9a4b4 (webtiles) character file.

Game seed: 13986152970217777031

82 AIAndy the Ruffian (level 4, -3/28 HPs)
             Began as an Octopode Shapeshifter on Oct 27, 2023.
             Slain by a gnoll
             ... wielding a +0 spear
              (7 damage)
             ... on level 2 of the Dungeon.
             The game lasted 00:03:17 (979 turns).

AIAndy the Ruffian (Octopode Shapeshifter)           Turns: 979, Time: 00:03:18

Health: -3/28      AC:  1    Str: 15    XL:     4   Next: 43%
Magic:  4/4        EV: 13    Int: 12    God:
Gold:   53         SH:  0    Dex: 11    Spells: 3/3 levels left

rFire   . .          .
                       - Unarmed
rCold   . . .        (no shield)
rNeg    . . .        (helmet currently unavailable)
rPois   .            (no amulet)
rElec   .            (no ring)
rCorr   .            (no ring)
SInv    .            (no ring)
Will    .....        (no ring)
Stlth   ++           (no ring)
HPRegen 0.24/turn    (no ring)
MPRegen 0.09/turn    (no ring)
                     (no ring)

%: no passive effects
@: beast-form
A: beast (slay +2), almost no armour, amphibious, 8 rings, camouflage 1,
gelatinous body 1, (nimble swimmer 1), tentacles
a: Begin Untransformation


You were on level 2 of the Dungeon.
You were a hulking beast.
You visited 1 branch of the dungeon, and saw 2 of its levels.

You collected 53 gold pieces.


Innate Abilities, Weirdness & Mutations

You are a hulking beast.
Your limbs bulge with bestial killing power. (Slay +2)
You cannot wear most types of armour.
You are amphibious.
You can wear up to eight rings at the same time.
Your skin changes colour to match your surroundings (Stealth+).
Your rubbery body absorbs attacks. (AC +1, EV +1)
((You are camouflaged when in or above water. (Stealth+)))
You have tentacles for arms and can constrict up to eight enemies at once.


   Skills:
 - Level 1.0 Fighting
 - Level 2.0 Dodging
 + Level 4.1 Unarmed Combat
 + Level 4.0 Shapeshifting


You had 3 spell levels left.
You didn't know any spells.
Your spell library contained the following spells:

 Spells                   Type           Power      Damage    Failure   Level
 Sting                    Tmut/Pois      0%         1d3       32%         1
 Poisonous Vapours        Pois/Air       0%         N/A       45%         2
 Olgreb's Toxic Radiance  Pois           0%         N/A       97%         4

Inventory:

Jewellery
 Z - a ring of wizardry
Talismans
 b - a beast talisman
 c - a flux talisman
Scrolls
 e - a scroll of enchant armour {unknown}
 f - 3 scrolls of noise {unknown}
 h - a scroll of immolation {unknown}
 i - a scroll of amnesia {unknown}
 k - a scroll of revelation {unknown}
 l - a scroll of fog {unknown}
 m - a scroll of teleportation {unknown}
 n - a scroll of blinking {unknown}
Potions
 a - a potion of lignification {!q}
 d - a potion of enlightenment {unknown}
 g - 4 potions of curing {unknown}
 j - a potion of attraction {unknown}

Dungeon Overview and Level Annotations

Branches:
Dungeon (2/15)

Altars:

Shops:
D:1

[ ##############
#....)hg......
#.############ #....#
#.##.# ####'####
######.# #.......#
#......#
#.....).########.######
#...#...#......>.######
#..###..#..............


You could see a gnoll.


Message History

The gnoll is severely wounded.
You constrict the gnoll.
The gnoll hits you from afar with a +0 spear!
The gnoll hits you with a +0 club!
* * * LOW HITPOINT WARNING * * *
You tentacle-slap the gnoll.
You kill the gnoll!
Okay, then.
The gnoll barely misses you.
You see here a +0 club.
You bludgeon the gnoll! Your grab misses the gnoll.
The gnoll is heavily wounded.
You closely miss the gnoll. You grab the gnoll. You constrict the gnoll.
The gnoll hits you from afar with a +0 spear.
* * * LOW HITPOINT WARNING * * *
You tentacle-slap the gnoll.
The gnoll is moderately wounded.
You constrict the gnoll.
The gnoll hits you from afar with a +0 spear.
* * * LOW HITPOINT WARNING * * *
The gnoll closely misses you.
You tentacle-slap the gnoll.
The gnoll is almost dead.
You constrict the gnoll.
You kill the gnoll!
The gnoll hits you from afar with a +0 spear.
* * * LOW HITPOINT WARNING * * *
Your Shapeshifting skill increases to level 4!
The gnoll hits you with a +0 spear!
You die...

Skill      XL: |  1  2  3  4 |
---------------+-------------+-----
Unarmed Combat | 4 |  4.1
Shapeshifting  | 4 |  4.0
Fighting       | |  1.0
Dodging        | |  2.0

Action                     |  1- 3 |  4- 6 || total
---------------------------+-------+-------++-------
  Melee: Unarmed           |    42 |    15 ||    57
         Constrict         |    11 |     3 ||    14
         Tentacles         |     7 |     1 ||     8
   Stab: Sleeping          |     1 |     1 ||     2
 Armour: Skin              |    19 |    15 ||    34
  Dodge: Dodged            |    45 |     6 ||    51

Levels and vault maps discovered:
D:1:      saegor_arrival_miasma, layout_basic, serial_shops, shop
D:2:      layout_basic, hangedman_decor_clover_reticule, minmay_crystal_water,
          glass_columns_a, kennysheep_generic_room_8, uniq_jessica

Notes
Turn   | Place    | Note
-------+----------+-------------------------------------------
     0 | D:1      | AIAndy the Octopode Shapeshifter began the quest for the
                  | Orb.
     0 | D:1      | Reached XP level 1. HP: 13/13 MP: 1/1
    97 | D:1      | Reached XP level 2. HP: 16/18 MP: 2/2
   137 | D:1      | Found Buxzelaug's Armour Emporium.
   618 | D:2      | Reached XP level 3. HP: 23/23 MP: 3/3
   788 | D:2      | Noticed Jessica
   808 | D:2      | Killed Jessica
   809 | D:2      | Reached skill level 4 in Unarmed Combat
   809 | D:2      | Reached XP level 4. HP: 18/28 MP: 4/4
   854 | D:2      | Found the +5 robe of Misfortune {Harm *Corrode *Slow EV+5}
   979 | D:2      | Reached skill level 4 in Shapeshifting
   979 | D:2      | Slain by a gnoll

Vanquished Creatures
  Jessica (D:2)
  An adder (D:2)
  2 gnolls (D:2)
  4 ball pythons
  2 endoplasms
  A giant cockroach (D:2)
  3 goblins
  5 kobolds
  3 quokkas (D:1)
  3 bats
  A frilled lizard (D:1)
  3 rats (D:1)
29 creatures vanquished.

Table legend: (Time is in decaauts)
 A = Elapsed time spent in this place.
 B = Non-inter-level travel time spent in this place.
 C = Inter-level travel time spent in this place.
 D = Time resting spent in this place.
 E = Time spent auto-exploring this place.
 F = Levels seen in this place.
 G = Mean time per level.
                   A        B        C        D        E       F      G
               +--------+--------+--------+--------+--------+-----+--------+
         Total |    975 |    967 |      8 |      6 |    770 |   2 |  487.5 |
       Dungeon |    975 |    967 |      8 |      6 |    770 |   2 |  487.5 |
               +--------+--------+--------+--------+--------+-----+--------+

Top non-repeatable levels by time:
     D:1: 494 daAuts
     D:2: 480 daAuts

Table legend:
 A = Non-vault XP
 B = Vault XP
 C = Vault XP percentage of total XP
 D = Non-vault monster count
 E = Vault monster count
 F = Vault count percentage of total count
                 A         B        C        D         E       F
            +---------+---------+-------+---------+---------+-------
      Total |      78 |      40 |  33.9 |      26 |       3 |  10.3
            +---------+---------+-------+---------+---------+-------
        D:1 |      24 |       0 |   0.0 |      16 |       0 |   0.0
        D:2 |      54 |      40 |  42.6 |      10 |       3 |  23.1
            +---------+---------+-------+---------+---------+-------
